 Dungeon Crawl Stone Soup version 0.27.1-1-g398f81649c (webtiles) character file.

Game seed: 14726487956475171433

7 H0rd4k the Insei (level 2, -3/18 HPs)
             Began as an Octopode Transmuter on Sept 10, 2021.
             Slain by a kobold (4 damage)
             ... on level 1 of the Dungeon.
             The game lasted 00:00:17 (305 turns).

H0rd4k the Insei (Octopode Transmuter)               Turns: 305, Time: 00:00:18

Health: -3/18      AC:  1    Str:  9    XL:     2   Next: 4%
Magic:  5/5        EV: 13    Int: 15    God:
Gold:   11         SH:  0    Dex: 12    Spells: 4/5 levels left

rFire    . . .     SeeInvis .     - Unarmed
rCold    . . .     Faith    .   (no shield)
rNeg     . . .     Spirit   .   (helmet restricted)
rPois    .         Reflect  .   (no amulet)
rElec    .         Harm     .   (no ring)
rCorr    .         Rampage  .   (no ring)
Will     .....                  (no ring)
Stlth    ++........             (no ring)
HPRegen  0.06/turn              (no ring)
MPRegen  0.09/turn              (no ring)
                                (no ring)
                                (no ring)

@: no status effects
A: almost no armour, amphibious, 8 rings, camouflage 1, gelatinous body 1,
(nimble swimmer 1), tentacles
a: no special abilities


You were on level 1 of the Dungeon.
You visited 1 branch of the dungeon, and saw 1 of its levels.

You collected 11 gold pieces.

Inventory:

Scrolls
 a - a scroll of vulnerability {unknown}


   Skills:
 + Level 1.0 Fighting
 + Level 2.0 Dodging
 + Level 3.2 Unarmed Combat
 * Level 2.1 Spellcasting
 * Level 2.1 Transmutations


You had 4 spell levels left.
You knew the following spells:

 Your Spells              Type           Power      Damage    Failure   Level
a - Beastly Appendage     Tmut           16%        N/A       9%          1

Your spell library contained the following spells:

 Spells                   Type           Power      Damage    Failure   Level
 Wereblood                Tmut           8%         N/A       14%         2
 Spider Form              Tmut/Pois      2%         N/A       38%         3
 Ice Form                 Ice/Tmut       4%         N/A       80%         4


Dungeon Overview and Level Annotations

Branches:
Dungeon (1/15)

Altars:


Innate Abilities, Weirdness & Mutations

You cannot wear most types of armour.
You are amphibious.
You can wear up to eight rings at the same time.
Your skin changes colour to match your surroundings (Stealth+).
Your rubbery body absorbs attacks. (AC +1, EV +1)
((You are camouflaged near water. (Stealth+)))
You have tentacles for arms and can constrict up to eight enemies at once.


Message History

You see here a rat corpse.
A kobold comes into view. It is wielding a +0 club.
A kobold is nearby!
The kobold shouts!
You hear a shout! x2
A kobold is nearby!
A goblin and a kobold come into view.
The goblin shouts!
There are monsters nearby!
You tentacle-slap the kobold but do no damage.
Your grab misses the kobold. The kobold hits you with a +0 club.
There are monsters nearby!
You barely miss the kobold. You grab the kobold. You squeeze the kobold.
The kobold is heavily wounded.
You constrict the kobold, but do no damage.
The kobold hits you with a +0 club.
There are monsters nearby!
There are monsters nearby!
You are too injured to fight recklessly!
You are too injured to fight recklessly!
You tentacle-slap the kobold. You squeeze the kobold.
You kill the kobold!
A goblin comes into view. It is wielding a +0 club.
Things that are here:
a +0 club; a +0 robe You see here a rat corpse.
Things that are here:
a +0 short sword; 4 stones You closely miss the goblin.
You grab the goblin. You constrict the goblin.
The goblin hits you with a +0 club.
You tentacle-slap the goblin.
You kill the goblin!
You have reached level 2!
You completely miss the kobold. Your grab misses the kobold.
The kobold misses you.
You barely miss the kobold. Your grab misses the kobold.
Your squeeze misses the kobold. The kobold hits you with a +0 whip.
* * * LOW HITPOINT WARNING * * *
You closely miss the kobold. Your grab misses the kobold.
The kobold hits you with a +0 whip.
You die...

.. #....#......#.....
...###....#......#.....
..................>#+##
.........#...#..##....#
..##..........#......
.###.#...##.....###.#
#..g#...###..#.....#
#.#K#..(# ##.#..†...
#.#@#...# #....†...
#.###...#...........
#......##...........
#.......#...........
#g.....##...........
###†.....#####.....#..
#........# #........
#........# .........
#...)..### ..#.#


You could see a goblin and a kobold.

Vanquished Creatures
  A goblin (D:1)
  A hobgoblin (D:1)
  2 kobolds (D:1)
  A quokka (D:1)
  A rat (D:1)
6 creatures vanquished.

Notes
Turn   | Place    | Note
-------+----------+-------------------------------------------
     0 | D:1      | H0rd4k the Octopode Transmuter began the quest for the Orb.
     0 | D:1      | Reached XP level 1. HP: 13/13 MP: 3/3
   303 | D:1      | Reached XP level 2. HP: 5/18 MP: 5/5
   305 | D:1      | Slain by a kobold

Illustrated notes

Levels and vault maps discovered:
D:1:      mrwooster_arrival_statue, layout_basic

Action                   || total
-------------------------++-------
Melee: Unarmed           ||    22
       Constrict         ||     5
       Tentacles         ||     4
Armor: Skin              ||     2
Dodge: Dodged            ||     7
